 Dungeon Crawl Stone Soup version 0.32-a0-859-gb0a091d592 (webtiles) character file.

Game seed: 10648843785068037272

12827 Ruich the Nimble (level 11, -2/54 HPs)
             Began as a Deep Elf Alchemist on Mar 27, 2024.
             Was an Elder of Vehumet.
             Slain by a black mamba (11 damage)
             ... on level 2 of the Lair of Beasts on Mar 28, 2024.
             The game lasted 00:54:24 (14134 turns).

Ruich the Nimble (Deep Elf Alchemist)              Turns: 14134, Time: 00:54:25

Health: -2/54      AC: 11    Str:  9    XL:     11   Next: 67%
Magic:  24/37      EV: 17    Int: 21    God:    Vehumet [****..]
Gold:   1100       SH:  0    Dex: 15    Spells: 10/32 levels left

rFire   . . .        u - +1 dagger (speed)
rCold   + . .        (no shield)
rNeg    . . .        E - +1 robe {rC+}
rPois   .            l - +1 hat
rElec   +            y - +2 cloak {Stlth+}
rCorr   .            x - +1 pair of gloves
SInv    .            o - +1 pair of boots of Peaxauh {rElec Regen+}
Will    ++...        n - amulet of regeneration
Stlth   ++           D - ring of magical power
HPRegen 1.89/turn    G - ring of willpower
MPRegen 0.25/turn

%: no passive effects
@: contaminated, glowing, studying Short Blades
A: no striking features
a: Renounce Religion


You were on level 2 of the Lair of Beasts.
You worshipped Vehumet.
Vehumet was greatly pleased with you.
You visited 3 branches of the dungeon, and saw 13 of its levels.

You collected 1754 gold pieces.
You spent 654 gold pieces at shops.


   Skills:
 + Level 11.5 Dodging
 + Level 10.5 Stealth
 - Level 11.2 Spellcasting
 - Level 7.2 Conjurations
 - Level 5.0 Fire Magic
 - Level 1.4 Air Magic
 - Level 10.0 Alchemy


You had 10 spell levels left.
You knew the following spells:

 Your Spells              Type           Power      Damage    Failure   Level
c - Mercury Vapours       Alch/Air       70%        N/A       1%          2
g - Ignite Poison         Fire/Alch      43%        N/A       1%          4
i - Irradiate             Conj/Alch      24%        3d19      1%          5
m - Mephitic Cloud        Conj/Alch/Air  38%        N/A       1%          3
o - Olgreb's Toxic Radia  Alch           52%        N/A       1%          4
y - Sticky Flame          Fire/Alch      43%        2d8       1%          4

Your spell library contained the following spells:

 Spells                   Type           Power      Damage    Failure   Level
 Freeze                   Ice            44%        1d6       1%          1
 Sting                    Conj/Alch      100%       1d9       1%          1
 Scorch                   Fire           64%        2d7       1%          2
 Static Discharge         Conj/Air       60%        3-6/arc   1%          2
 Hailstorm                Conj/Ice       27%        3d8       1%          3
 Flame Wave               Conj/Fire      37%        2d10      1%          4
 Frozen Ramparts          Ice            22%        1d4       4%          3
 Slow                     Hex            44%        N/A       6%          1
 Petrify                  Alch/Erth      32%        N/A       8%          4
 Jinxbite                 Hex            22%        N/A       9%          2
 Sublimation of Blood     Necr           11%        N/A       9%          2
 Airstrike                Air            9%         2d(2-18)  9%          4
 Summon Lightning Spire   Summ/Air       14%        N/A       38%         4
 Dimensional Bullseye     Hex/Tloc       5%         N/A       50%         4
 Passage of Golubria      Tloc           11%        N/A       50%         4
 Silence                  Hex/Air        7%         N/A       75%         5
 Metabolic Englaciation   Hex/Ice        5%         N/A       85%         5
 Summon Cactus Giant      Summ           5%         N/A       100%        6
 Lehudib's Crystal Spear  Conj/Erth      13%        10d5      100%        8

Inventory:

Hand Weapons
 u - a +1 dagger of speed (weapon)
Missiles
 I - 2 throwing nets {=f}
Armour
 l - a +1 hat (worn)
 o - the +1 pair of boots of Peaxauh (worn) {rElec Regen+}
   (You acquired it on level 5 of the Dungeon)

   rElec:     It insulates you from electricity.
   Regen+:    It increases your rate of health regeneration.
 x - a +1 pair of gloves (worn)
 y - a +2 cloak of stealth (worn)
 E - a +1 robe of cold resistance (worn)
Jewellery
 c - a ring of protection from cold
 d - a +6 ring of intelligence
 f - an amulet of reflection
 n - an amulet of regeneration (around neck)
 q - a +6 ring of strength
 D - a ring of magical power (left hand)
 G - a ring of willpower (right hand)
Wands
 h - a wand of flame (32)
 p - a wand of digging (8)
 r - a wand of charming (17)
Scrolls
 e - 3 scrolls of brand weapon
 m - a scroll of immolation
 s - a scroll of teleportation {@r2}
 z - a scroll of poison
 A - 2 scrolls of vulnerability
 C - a scroll of fog
 L - a scroll of fear
 N - a scroll of amnesia
Potions
 b - 2 potions of magic
 g - a potion of resistance
 i - a potion of berserk rage {!q}
 j - a potion of might
 k - a potion of lignification {unknown}
 t - 3 potions of attraction
 v - a potion of heal wounds {@q2}
 w - 2 potions of brilliance
 B - a potion of enlightenment
 H - a potion of invisibility {unknown}
 J - a potion of curing {unknown}
 K - a potion of mutation {unknown}
 M - a potion of ambrosia {unknown}

Dungeon Overview and Level Annotations

Branches:
Dungeon (10/15) Zot: 25097  Temple (1/1) D:5 Zot: 5863    Lair (2/5) D:10 Zot: 10319
    Orc (0/2) D:10
  Swamp: Lair:2-3    Shoals: Lair:2-3     Snake: Lair:2-3    Spider: Lair:2-3

Altars:
Ashenzari
Cheibriados
Dithmenos
Elyvilon
Fedhas
Gozag
Hepliaklqana
Kikubaaqudgha
Makhleb
Nemelex Xobeh
Okawaru
Qazlal
Ru
Sif Muna
Trog
Uskayaw
Vehumet
Wu Jian
Xom
Yredelemnul
Zin
The Shining One

Shops:
D:3 *

Annotations:
Lair:2 exclusions: catoblepas and hydra

#.h.......#
#.......# ###
#......## .P#
#.....P## ...
##......P###...
##h..##...##.P..
###
##..######.......
#.###S.##
####...(
##...@†.# ###..
###P.....## ..
#.#.....## .
##..[...# .
##......#
#.......##
#........#
#........#
##......##


You could see a black mamba and a wolf.


Message History

You kill the bullfrog!
Vehumet accepts your kill.
You feel your power returning.
The eight-headed hydra is blasted with magical radiation!
The eight-headed hydra is almost dead.
The eight-headed hydra twists and deforms.
You are contaminated with residual magic.
The eight-headed hydra barely misses you.
The eight-headed hydra bites you but does no damage. x2
The eight-headed hydra bites you.
* * * LOW HITPOINT WARNING * * *
The eight-headed hydra barely misses you.
The eight-headed hydra closely misses you.
The eight-headed hydra barely misses you.
The eight-headed hydra bites you!
* * * LOW HITPOINT WARNING * * *
Unknown command.
Unknown command.
Casting: Irradiate (dangerous; 1% risk of failure)
Confirm with . or Enter, or press ? or * to list all spells.
You erupt in a fountain of uncontrolled magic!
The wolf is blasted with magical radiation!!
You kill the wolf!
Vehumet accepts your kill.
You feel your power returning.
The eight-headed hydra is blasted with magical radiation!!
You kill the eight-headed hydra!
Vehumet accepts your kill.
You feel your power returning. The black mamba bites you!
You die...

Skill      XL: |  1  2  3  4  5  6  7  8  9 10 11 |
---------------+----------------------------------+-----
Alchemy        | 4 6 7 8 9 10 | 10.0
Air Magic      | 1 |  1.4
Conjurations   | 2 3 5 7 |  7.2
Spellcasting   | 4 5 7 9 11 | 11.2
Fire Magic     | 4 5 |  5.0
Stealth        | 6 7 8 10 | 10.5
Dodging        | 5 6 7 11 | 11.5

Action                     |  1- 3 |  4- 6 |  7- 9 | 10-12 || total
---------------------------+-------+-------+-------+-------++-------
  Melee: Dagger            |       |    40 |    64 |    80 ||   184
   Cast: Sting             |    71 |   106 |       |       ||   177
         Olgreb's Toxic Ra |       |     8 |    58 |    70 ||   136
         Sticky Flame      |       |       |    19 |    27 ||    46
         Mephitic Cloud    |       |       |     2 |     3 ||     5
         Irradiate         |       |       |       |    16 ||    16
         Mercury Vapours   |       |       |       |     2 ||     2
         Ignite Poison     |       |       |       |     6 ||     6
  Evoke: Wand              |       |     2 |     2 |     2 ||     6
    Use: Scroll            |       |    13 |     5 |     3 ||    21
         Potion            |       |     1 |     2 |     1 ||     4
   Stab: Sleeping          |       |       |     1 |     3 ||     4
         Confused          |       |       |       |     1 ||     1
 Armour: Robe              |     4 |    34 |    54 |    78 ||   170
  Dodge: Dodged            |    13 |    25 |    41 |    79 ||   158
  Block: Other             |     6 |    12 |       |       ||    18
         Reflection        |       |     1 |       |       ||     1

Levels and vault maps discovered:
D:1:      tarquinn_simple_flora_water_b, layout_rooms, st_stairs_7,
          minmay_liquid_box
D:2:      layout_basic, basic_altar, minmay_hedge_maze
D:3:      layout_rooms, serial_shops, shop, minmay_misc_feat_pillars
D:4:      layout_loops_ring, kennysheep_generic_room_7
D:5:      layout_rooms, vehumet_altar_wand_db, tgw_trog,
          minmay_temple_entry_gardened_gates, minmay_fire_ice_demons,
          uniq_eustachio
D:6:      layout_loops_corners, fedhas_ov_isle_minmay, minmay_strange_pillars
D:7:      layout_cave_pools, eat_drink_and_be_merry_uskayaw, serial_park,
          serial_park_square1 [serial_park_minivault_5x5_2], serial_park_tiny_2,
          serial_park_square3 [serial_park_minivault_5x5_6], serial_park_tiny_1,
          minmay_manual_mail, uniq_prince_ribbit1, uniq_maurice
D:8:      layout_loops_ring, chequers_temple_overflow_statue_of_worship
D:9:      layout_rooms, serial_undead, serial_undead_d, serial_undead_e,
          serial_undead_d, serial_undead_f, serial_undead_b, uniq_grum,
          uniq_amaemon
D:10:     layout_loops_ring, erik_lair_orcish_takeover, hiddenorc2_lemuel
Temple:   regret_index_temple_waves
Lair:1:   layout_cave_pods, serial_forest, infiniplex_forest_end_3,
          infiniplex_forest_clump_diagonal, infiniplex_forest_end_double,
          infiniplex_forest_clump_tiny, infiniplex_forest_clump_small,
          infiniplex_forest_clump_small, infiniplex_forest_lined_room_,
          infiniplex_forest_clump_curved, lemuel_fruit_tree
Lair:2:   layout_cave_pods

Notes
Turn   | Place    | Note
-------+----------+-------------------------------------------
     0 | D:1      | Ruich the Deep Elf Alchemist began the quest for the Orb.
     0 | D:1      | Reached XP level 1. HP: 10/10 MP: 6/6
   163 | D:1      | Reached XP level 2. HP: 15/15 MP: 1/8
   166 | D:1      | Learned a level 2 spell: Mercury Vapours
   908 | D:2      | Reached XP level 3. HP: 19/19 MP: 8/10
   964 | D:2      | Reached skill level 4 in Alchemy
  1135 | D:1      | Reached skill level 1 in Air Magic
  1162 | D:2      | Reached skill level 2 in Conjurations
  1282 | D:2      | Learned a level 3 spell: Mephitic Cloud
  1336 | D:2      | Reached XP level 4. HP: 24/24 MP: 8/11
  1379 | D:2      | Found a hide-covered altar of Uskayaw.
  1992 | D:2      | Identified a potion of resistance
  1993 | D:2      | Identified a scroll of acquirement
  2035 | D:3      | Learned a level 4 spell: Olgreb's Toxic Radiance
  2046 | D:3      | Found Leig's Assorted Antiques.
  2066 | D:3      | Acquired 899 gold pieces
  2070 | D:3      | Bought a tubular coral ring for 150 gold pieces
  2073 | D:3      | Bought 2 smoky silvery potions for 54 gold pieces
  2073 | D:3      | Bought a scroll labelled PECEPLEANAE for 30 gold pieces
  2073 | D:3      | Bought a scroll labelled ZUGER HAONUTH for 30 gold pieces
  2073 | D:3      | Bought a thin diamond amulet for 150 gold pieces
  2073 | D:3      | Bought a short bone wand for 120 gold pieces
  2073 | D:3      | Bought a curved glass wand for 120 gold pieces
  2096 | D:3      | Reached skill level 4 in Spellcasting
  2823 | D:4      | Reached XP level 5. HP: 23/28 MP: 6/13
  2900 | D:4      | Reached skill level 5 in Alchemy
  3030 | D:4      | Got the Anthology of Glamour and Congelation
  3272 | D:4      | Reached skill level 5 in Spellcasting
  3891 | D:5      | Entered Level 5 of the Dungeon
  4117 | D:5      | Found a staircase to the Ecumenical Temple.
  4125 | Temple   | Entered the Ecumenical Temple
  4277 | D:5      | Noticed Eustachio
  4305 | D:5      | Killed Eustachio
  4306 | D:5      | Reached skill level 6 in Alchemy
  4306 | D:5      | Reached XP level 6. HP: 32/32 MP: 4/15
  4540 | D:5      | Reached skill level 7 in Alchemy
  4555 | D:5      | Acquired the +1 pair of boots of Peaxauh {rElec Regen+}
  4614 | D:5      | Found a radiant altar of Vehumet.
  4630 | D:5      | Became a worshipper of Vehumet
  4670 | D:5      | Reached XP level 7. HP: 28/36 MP: 7/16
  4796 | D:5      | Noticed a moth of wrath
  4977 | D:5      | Found a bloodstained altar of Trog.
  5019 | D:5      | You fall into a shaft and drop 1 floor!
  5027 | D:6      | Reached skill level 8 in Alchemy
  5033 | D:6      | Learned a level 4 spell: Sticky Flame
  5064 | D:6      | Reached skill level 1 in Fire Magic
  5132 | D:6      | Reached skill level 2 in Fire Magic
  5314 | D:6      | Reached skill level 3 in Fire Magic
  5498 | D:6      | Reached skill level 4 in Fire Magic
  5770 | D:6      | Reached XP level 8. HP: 41/41 MP: 12/17
  5858 | D:6      | Reached skill level 5 in Fire Magic
  5941 | D:6      | Reached skill level 3 in Stealth
  5941 | D:6      | Reached skill level 3 in Conjurations
  6046 | D:6      | Found a blossoming altar of Fedhas.
  6107 | D:6      | Reached * piety under Vehumet
  6107 | D:6      | Offered knowledge of Freeze by Vehumet.
  6457 | D:7      | Reached skill level 4 in Stealth
  6471 | D:7      | Noticed a boulder beetle
  6556 | D:7      | Reached skill level 3 in Dodging
  6645 | D:7      | HP: 2/41 [boulder beetle (23)]
  6648 | D:7      | Killed a boulder beetle
  6649 | D:7      | Reached skill level 5 in Dodging
  6649 | D:7      | Reached skill level 6 in Stealth
  6649 | D:7      | Reached skill level 7 in Spellcasting
  6649 | D:7      | Reached XP level 9. HP: 31/45 MP: 7/21
  6977 | D:7      | Noticed Maurice
  6999 | D:7      | Killed Maurice
  7063 | D:7      | Reached skill level 6 in Dodging
  7063 | D:7      | Reached skill level 7 in Stealth
  7063 | D:7      | Reached skill level 8 in Spellcasting
  7578 | D:7      | Found a hide-covered altar of Uskayaw.
  7628 | D:7      | Learned a level 5 spell: Irradiate
  7686 | D:7      | Noticed Prince Ribbit
  7694 | D:7      | Killed Prince Ribbit
  7893 | D:8      | Reached skill level 4 in Conjurations
  8020 | D:8      | Offered knowledge of Kiss of Death by Vehumet.
  8025 | D:8      | Reached ** piety under Vehumet
  8202 | D:8      | Reached skill level 9 in Spellcasting
  8344 | D:8      | Reached skill level 5 in Conjurations
  8462 | D:8      | Found an iron altar of Okawaru.
  8462 | D:8      | Found a sparkling altar of Nemelex Xobeh.
  8463 | D:8      | Found a shadowy altar of Dithmenos.
  8570 | D:8      | Paralysed by a hornet for 1 turns
  9073 | D:8      | Reached skill level 9 in Alchemy
  9144 | D:9      | Reached XP level 10. HP: 50/50 MP: 25/25
  9183 | D:9      | Noticed Amaemon
  9205 | D:9      | Killed Amaemon
  9206 | D:9      | Reached skill level 10 in Spellcasting
  9214 | D:9      | Noticed an orange demon
  9228 | D:9      | Killed an orange demon
  9229 | D:9      | Reached skill level 6 in Conjurations
  9571 | D:9      | Offered knowledge of Momentum Strike by Vehumet.
  9852 | D:9      | Reached skill level 10 in Alchemy
  9953 | D:9      | Noticed Grum
  9960 | D:9      | Killed Grum
  9960 | D:9      | Reached *** piety under Vehumet
  9971 | D:9      | Reached skill level 11 in Spellcasting
  9996 | D:9      | Reached skill level 7 in Conjurations
 10543 | D:10     | Entered Level 10 of the Dungeon
 10676 | D:10     | Found a staircase to the Orcish Mines.
 10701 | D:10     | Offered knowledge of Inner Flame by Vehumet.
 10702 | D:10     | Reached skill level 8 in Stealth
 10712 | D:10     | Reached skill level 7 in Dodging
 10867 | D:10     | Noticed a gargoyle
 11136 | D:10     | Noticed a two-headed ogre
 11140 | D:10     | Killed a gargoyle
 11153 | D:10     | Killed a two-headed ogre
 11154 | D:10     | Reached XP level 11. HP: 54/54 MP: 20/28
 11155 | D:10     | Reached **** piety under Vehumet
 11376 | D:10     | Found a staircase to the Lair.
 11382 | D:10     | Reached skill level 9 in Stealth
 11548 | D:10     | Reached skill level 8 in Dodging
 11650 | D:10     | Offered knowledge of Ignite Poison by Vehumet.
 12388 | Lair:1   | Entered Level 1 of the Lair of Beasts
 12403 | Lair:1   | Learned a level 4 spell: Ignite Poison
 12745 | Lair:1   | Reached skill level 10 in Stealth
 12817 | Lair:1   | Reached skill level 9 in Dodging
 12912 | Lair:1   | Noticed a death yak
 12913 | Lair:1   | Noticed a death yak
 12915 | Lair:1   | Noticed a death yak
 12922 | Lair:1   | Killed a death yak
 12922 | Lair:1   | Killed a death yak
 12923 | Lair:1   | Reached skill level 10 in Dodging
 12927 | Lair:1   | Killed a death yak
 12945 | Lair:1   | Reached skill level 11 in Dodging
 14075 | Lair:2   | Noticed a catoblepas
 14082 | Lair:2   | Noticed an eight-headed hydra
 14134 | Lair:2   | Killed an eight-headed hydra
 14134 | Lair:2   | Slain by a black mamba

Vanquished Creatures
  A hydra (Lair:2)
  A two-headed ogre (D:10)
  A boulder beetle (D:7)
  3 death yaks (Lair:1)
  Amaemon (D:9)
  Maurice (D:7)
  3 black mambas (Lair:1)
  An orange demon (D:9)
  A cane toad (Lair:1)
  A gargoyle (D:10)
  A rime drake (Lair:1)
  A komodo dragon (Lair:2)
  An unseen horror zombie (D:9)
  2 hornets
  A polar bear (Lair:1)
  Prince Ribbit (D:7)
  A slime creature (D:7)
  A wraith (D:10)
  A shadow (D:9)
  Eustachio (D:5)
  2 wyverns
  A warg (D:10)
  Grum (D:9)
  A steam dragon (D:8)
  A water moccasin (Lair:1)
  2 orc warriors
  2 black bears
  2 sky beasts (D:7)
  2 ogres
  6 wolves
  2 centaurs
  A phantom (D:6)
  A kobold brigand (D:8)
  4 bullfrogs
  2 gnoll sergeants (D:10)
  3 scorpions
  12 wights
  3 killer bees (D:9)
  6 howler monkeys
  A bombardier beetle (D:5)
  A crimson imp (D:5)
  2 jellies
  7 orc priests
  6 hounds
  2 centaur zombies (D:9)
  2 iguanas (D:7)
  13 orc wizards
  4 howler monkey zombies (D:9)
  11 gnolls
  7 adders
  A shadow imp (D:6)
  4 white imps
  2 dart slugs
  5 ribbon worms
  50 orcs
  6 endoplasms
  3 giant cockroaches (D:1)
  10 goblins
  10 hobgoblins
  3 jackals (D:3)
  10 kobolds
  4 quokkas
  6 ball pythons
  3 bats
  4 frilled lizards
  10 rats
266 creatures vanquished.

Table legend: (Time is in decaauts)
 A = Elapsed time spent in this place.
 B = Non-inter-level travel time spent in this place.
 C = Inter-level travel time spent in this place.
 D = Time resting spent in this place.
 E = Time spent auto-exploring this place.
 F = Levels seen in this place.
 G = Mean time per level.
                   A        B        C        D        E       F      G
               +--------+--------+--------+--------+--------+-----+--------+
         Total |  14060 |  13559 |    501 |   5884 |   4827 |  13 | 1081.5 |
       Dungeon |  12245 |  11862 |    383 |   5488 |   3904 |  10 | 1224.5 |
        Temple |    136 |    136 |      0 |      0 |      0 |   1 |  136.0 |
          Lair |   1679 |   1561 |    118 |    396 |    923 |   2 |  839.5 |
               +--------+--------+--------+--------+--------+-----+--------+

Top non-repeatable levels by time:
    D:10: 1902 daAuts
     D:6: 1641 daAuts
  Lair:1: 1557 daAuts
     D:9: 1407 daAuts
     D:7: 1305 daAuts
     D:4: 1136 daAuts
     D:8: 1125 daAuts
     D:1: 1057 daAuts
     D:2: 970 daAuts
     D:5: 916 daAuts
     D:3: 782 daAuts
  Temple: 136 daAuts
  Lair:2: 121 daAuts

Table legend:
 A = Non-vault XP
 B = Vault XP
 C = Vault XP percentage of total XP
 D = Non-vault monster count
 E = Vault monster count
 F = Vault count percentage of total count
                 A         B        C        D         E       F
            +---------+---------+-------+---------+---------+-------
      Total |   13487 |    5844 |  30.2 |     185 |      81 |  30.5
            +---------+---------+-------+---------+---------+-------
        D:1 |      49 |       3 |   5.8 |      23 |       2 |   8.0
        D:2 |      79 |       0 |   0.0 |      20 |       0 |   0.0
        D:3 |      55 |       0 |   0.0 |      19 |       0 |   0.0
        D:4 |      71 |      17 |  19.3 |       9 |       3 |  25.0
        D:5 |     298 |     269 |  47.4 |       6 |       9 |  60.0
        D:6 |     925 |       0 |   0.0 |      25 |       0 |   0.0
        D:7 |     372 |    2331 |  86.2 |       6 |      12 |  66.7
        D:8 |    1053 |       0 |   0.0 |      19 |       0 |   0.0
        D:9 |    1423 |    2323 |  62.0 |      18 |      15 |  45.5
       D:10 |    2318 |     901 |  28.0 |      22 |      40 |  64.5
     Lair:1 |    5281 |       0 |   0.0 |      13 |       0 |   0.0
     Lair:2 |    1563 |       0 |   0.0 |       5 |       0 |   0.0
            +---------+---------+-------+---------+---------+-------
